Map: Pillars of Gold LE

Players

VoidWarden

  • Race: Protoss Protoss
  • League: Diamond
  • Spawn Location: 1:00

Massa - Winner!

  • Race: Terran Terran
  • League: Platinum
  • Spawn Location: 7:00

VOD

Have the link to the VOD?

Description

Time

  • Played on: Sept. 7, 2020, 12:54 p.m.
  • Length: 5:59
Show
View Real Time Build Order
Export as new Build Order

VoidWarden Protoss 

Build Orders:  

Get SALT Encoding   

  12  0:00  Probe  
  13  0:12  Probe  
  14  0:18  Pylon  
  14  0:24  Probe  
  15  0:40  Probe  
  15  0:41  Gateway  
  16  0:50  Assimilator  
  16  0:54  Probe  
  17  1:00  Assimilator  
  17  1:11  Probe  
  17  1:22  Gateway  
  17  1:23  Probe  
  18  1:29  Cybernetics Core  
  18  1:37  Probe  
  18  1:38  Pylon  
  19  1:50  Probe  
  20  2:02  Probe  
  20  2:05  Stalker (Chrono Boost)  
  20  2:07  Stalker (Chrono Boost)  
  23  2:14  Probe  
  26  2:25  Stalker  
  26  2:29  Stalker  
  28  2:32  Warp Gate  
  30  2:38  Probe  
  31  3:12  Nexus  
  31  3:20  Pylon  
  31  3:37  Stalker  
  33  3:44  Stalker  
  31  4:07  Stalker  
  33  4:14  Stalker  
  29  4:31  Probe  
  29  4:37  Stalker  
  31  4:43  Probe x2  
  31  4:44  Stalker  
  33  4:55  Probe (Chrono Boost)  
  34  5:04  Probe (Chrono Boost)  
  33  5:07  Stalker  
  33  5:09  Probe (Chrono Boost)  
  33  5:14  Probe (Chrono Boost), Stalker  
  37  5:17  Probe (Chrono Boost)  
  37  5:19  Probe (Chrono Boost)  
  39  5:37  Probe x2  
Show
View Real Time Build Order
Export as new Build Order

Massa Terran - Winner!

Build Orders: Gas First Reaper Expand 

Get SALT Encoding   

  12  0:01  SCV  
  13  0:13  SCV  
  14  0:20  Supply Depot  
  14  0:25  SCV  
  15  0:34  Refinery  
  15  0:44  Barracks  
  15  0:45  SCV  
  16  1:07  SCV  
  16  1:25  SCV  
  17  1:35  Refinery  
  17  1:37  SCV  
  17  1:38  Supply Depot  
  18  1:47  Reaper  
  19  1:57  Command Center  
  19  2:04  SCV  
  20  2:19  Reaper, Orbital Command  
  21  2:35  Factory  
  21  3:04  SCV  
  22  3:06  Barracks Tech Lab  
  22  3:10  SCV  
  23  3:16  SCV  
  24  3:22  SCV  
  25  3:28  SCV  
  26  3:34  SCV  
  26  3:39  Marauder  
  28  3:45  Widow Mine  
  28  3:59  SCV  
  28  4:01  Marauder  
  28  4:06  Widow Mine  
  25  4:11  SCV  
  25  4:15  SCV  
  27  4:22  Marauder  
  29  4:27  SCV  
  24  4:42  Orbital Command  
  24  4:43  Marauder  
  25  4:51  Barracks  
  25  4:55  Supply Depot  
  25  4:58  Widow Mine  
  27  5:05  Marauder  
  25  5:15  SCV x2  
  25  5:19  Widow Mine  
  29  5:26  Marauder  
  29  5:27  SCV x2  
  33  5:30  Engineering Bay  
  33  5:36  Starport  
  33  5:39  SCV  
  34  5:43  Factory Tech Lab  
Tags
 
Add a new tag
Caveats
  • Supply blocks, unpowered buildings, or Contaminate may cause inaccurate times.
  • Supply counts are checked every 10 seconds.